AoeStats
← Nonsohny

Black Forest

508000163Analyzed
2v2 RM · 11d ago on Sep 20, 2026· 57m 47s· 4 players
Game mode
Random Map
Map size
Medium (4 player)
Population
200
Speed
Normal
Resources
Standard
Victory
Conquest
Starting age
Dark Age
Ending age
Imperial Age
RankedLock teamsTeams togetherTeam positionsShared explorationLock speedFull tech treeHidden civsTurbo modeCheats
Victory
Defeat
🇦🇷 Sicilians · Argentina
701
+16
🇦🇷 Franks · Argentina
657
+17
🇩🇪 Chinese · Germany
693
-17
🇩🇪 Goths · Germany
684
-16
wallaceAoE
5:22 Loom
29:43 Feudal Age
47:18 Horse Collar
47:30 Double-Bit Axe
50:07 Castle Age
49:55 Gold Mining
50:23 Forging
50:05 Fletching
50:53 Stone Mining
51:25 Bow Saw
52:33 Heavy Plow
55:16 Iron Casting
57:11 Wheelbarrow
56:22 Town Watch
57:05 Bloodlines
56:55 Husbandry
57:20 Bodkin Arrow
57:31 Scale Barding Armor
58:21 Gold Shaft Mining
58:23 Stone Shaft Mining
gonzalez.anibal.javier
0:31 Loom
11:08 Feudal Age
13:35 Wheelbarrow
12:52 Double-Bit Axe
24:13 Forging
24:09 Scale Barding Armor
28:44 Castle Age
29:47 Hand Cart
30:11 Iron Casting
29:50 Bow Saw
32:12 Gold Mining
35:48 Imperial Age
34:52 Scale Mail Armor
36:03 #83
38:59 Caravan
39:22 Chain Mail Armor
40:07 Blast Furnace
42:40 Conscription
44:05 Chemistry
44:49 Elite Throwing Axeman
54:28 Chivalry
56:28 Town Watch
56:44 Murder Holes
nonsohny
14:08 Feudal Age
15:26 Wheelbarrow
14:40 Double-Bit Axe
14:38 Horse Collar
26:34 Man-at-Arms
45:53 Castle Age
46:51 Hand Cart
46:51 Bow Saw
46:44 Heavy Plow
47:49 Caravan
48:29 Fletching
51:39 Bodkin Arrow
51:45 Padded Archer Armor
52:45 Thumb Ring
54:13 Ballistics
54:11 Leather Archer Armor
Nonsohny
2:05 Loom
15:09 Feudal Age
16:19 Man-at-Arms
22:14 Wheelbarrow
21:24 Town Watch
21:26 Double-Bit Axe
21:31 Fishing Lines
24:47 Horse Collar
28:35 Scale Mail Armor
35:14 Castle Age
36:31 Squires
35:52 Pikeman
35:57 Long Swordsman
40:05 Forging
40:10 Chain Mail Armor
40:09 Bow Saw
42:00 Gold Mining
42:01 Stone Mining
44:12 Caravan
45:41 Hand Cart
45:26 Town Patrol
45:39 Anarchy
49:06 Stone Mining
52:30 Imperial Age
Connection lost

Rejoining the realm…

Still unreachable

The connection could not be restored.

Session expired

The server has moved on; the page needs a fresh start.